 Dungeon Crawl Stone Soup version 0.30-a0-897-ga2f19c967e (webtiles) character file.

Game seed: 1411543154497448914

458 112233 the Magician (level 7, -4/43 HPs)
             Began as an Octopode Summoner on Mar 18, 2023.
             Killed by divine providence
             ... invoked by an orc priest
              (13 damage)
             ... on level 4 of the Dungeon.
             The game lasted 00:04:15 (4661 turns).

112233 the Magician (Octopode Summoner)             Turns: 4661, Time: 00:04:16

Health: -4/43      AC:  1    Str:  7    XL:     7   Next: 6%
Magic:  12/16      EV: 13    Int: 19    God:
Gold:   179        SH:  0    Dex: 13    Spells: 9/18 levels left

rFire   . . .      SeeInvis .    j - +2 dagger (venom)
rCold   . . .      Faith    .    (no shield)
rNeg    . . .      Spirit   .    (helmet restricted)
rPois   .          Reflect  .    (no amulet)
rElec   .          Rampage  .    (no ring)
rCorr   .                        (no ring)
Will    .....                    (no ring)
Stlth   +++                      (no ring)
HPRegen 0.27/turn                (no ring)
MPRegen 0.15/turn                (no ring)
                                 (no ring)
                                 (no ring)

@: no status effects
A: almost no armour, amphibious, 8 rings, camouflage 1, gelatinous body 1,
(nimble swimmer 1), tentacles
a: no special abilities


You were on level 4 of the Dungeon.
You visited 1 branch of the dungeon, and saw 4 of its levels.

You collected 179 gold pieces.

Inventory:

Hand Weapons
 b - a +0 dagger
 j - a +2 dagger of venom (weapon)
Wands
 o - a wand of flame (4)
Scrolls
 c - a scroll of magic mapping {unknown}
 d - 2 scrolls of vulnerability {unknown}
 f - 4 scrolls of amnesia {unknown}
 h - 2 scrolls of silence {unknown}
 i - 4 scrolls of identify {unknown}
 k - 2 scrolls of teleportation {unknown}
 m - a scroll of summoning {unknown}
 n - 2 scrolls of poison {unknown}
 q - a scroll of enchant armour {unknown}
 r - a scroll of enchant weapon {unknown}
Potions
 a - a potion of magic
 e - a potion of degeneration {unknown}
 g - 2 potions of lignification {unknown}
 l - a potion of mutation {unknown}
 p - a potion of attraction {unknown}


   Skills:
 + Level 1.1 Fighting
 + Level 2.5 Dodging
 - Level 2.7 Stealth
 + Level 6.1 Spellcasting
 + Level 4.5 Summonings


You had 9 spell levels left.
You knew the following spells:

 Your Spells              Type           Power      Damage    Failure   Level
a - Summon Small Mammal   Summ           92%        N/A       1%          1
b - Call Imp              Summ           23%        N/A       2%          2
c - Call Canine Familiar  Summ           23%        N/A       4%          3
d - Summon Guardian Gole  Hex/Summ       14%        N/A       13%         3

Your spell library contained the following spells:

 Spells                   Type           Power      Damage    Failure   Level
 Dazzling Flash           Conj/Hex       10%        N/A       32%         3
 Summon Lightning Spire   Summ/Air       14%        N/A       41%         4
 Iskenderun's Mystic Bla  Conj/Tloc      5%         2d3       73%         4
 Starburst                Conj/Fire      2%         6d3       100%        6


Dungeon Overview and Level Annotations

Branches:
Dungeon (4/15)
 Temple: D:4-7

Altars:
Dithmenos
Elyvilon


Innate Abilities, Weirdness & Mutations

You cannot wear most types of armour.
You are amphibious.
You can wear up to eight rings at the same time.
Your skin changes colour to match your surroundings (Stealth+).
Your rubbery body absorbs attacks. (AC +1, EV +1)
((You are camouflaged when in or above water. (Stealth+)))
You have tentacles for arms and can constrict up to eight enemies at once.


Message History

An orc is nearby!
An orc is nearby!
Found 7 gold pieces.
The orc throws a boomerang.
The boomerang misses you.
Casting: Call Imp (safe; 2% risk of failure)
Confirm with . or Enter, or press ? or * to list all spells.
The orc throws a boomerang.
The boomerang closely misses you.
Unknown command.
The orc throws a boomerang.
The boomerang hits you.
The orc throws a boomerang.
The boomerang misses you.
Casting: Call Canine Familiar (dangerous; 4% risk of failure)
Confirm with . or Enter, or press ? or * to list all spells.
A beastly little devil appears in a puff of flame.
Your crimson imp disappears in a puff of smoke!
The orc throws a boomerang.
The boomerang misses you.
Your hound closely misses the orc.
Your hound bites the orc.
The orc throws a boomerang.
The boomerang hits you.
An orc priest opens the door.
Your hound barely misses the orc.
The orc hits your hound but does no damage.
Your hound bites the orc.
The orc priest calls down the wrath of Beogh upon you.
Beogh smites you!
You hear a shout!
Your hound bites the orc.
The orc dies!
The orc priest invokes the aid of Beogh against you.
Beogh smites you!
* * * LOW HITPOINT WARNING * * *
You hear a shout! x2
The orc priest calls down the wrath of Beogh upon you.
You struggle to resist.
Unknown command.
Your hound bites the orc priest but does no damage.
The orc priest hits your hound with a +0 short sword.
Your crimson imp blinks!
There is an open door here.
Your hound bites the orc priest but does no damage.
The orc priest invokes the aid of Beogh against you.
Beogh smites you!
You die...

... ... . #.. .)# .#
#..#####..##o#
#.....#....h.#
#.....#...ยง..# o...
#.....#......# ...
#)....#......+ ...
#....@'......# ..
#####'###..### #.
##..##.## $# #.###
#.......# .# #....
#.......# # +....
##..##.## ### #..##
###..##.#######... #..##
..............#...##..##
..............#........'


You could see an orc priest (ally target) and a friendly hound (summoned).

Vanquished Creatures
  3 endoplasms
  A giant cockroach (D:2)
  A hobgoblin (D:3)
  2 jackals (D:3)
  A bat (D:2)
8 creatures vanquished.

Vanquished Creatures (collateral kills)
  Sigmund (D:2)
  A scorpion (D:4)
  2 jellies (D:2)
  An iguana (D:4)
  Natasha (D:2)
  5 adders
  2 worms
  A dart slug (D:3)
  2 orcs
  4 ball pythons
  5 bats
  7 endoplasms (D:2)
  3 giant cockroaches
  8 goblins
  2 hobgoblins (D:1)
  7 jackals
  3 quokkas
  4 frilled lizards
  14 kobolds
  2 rats
75 creatures vanquished.

Vanquished Creatures (others)
  A fungus (D:2)
  3 plants (D:4)
  11 toadstools (D:2)
15 creatures vanquished.

Grand Total: 98 creatures vanquished

Notes
Turn   | Place    | Note
-------+----------+-------------------------------------------
     0 | D:1      | 112233 the Octopode Summoner began the quest for the Orb.
     0 | D:1      | Reached XP level 1. HP: 11/11 MP: 3/3
   292 | D:1      | Reached XP level 2. HP: 17/17 MP: 1/5
   295 | D:1      | Learned a level 2 spell: Call Imp
   987 | D:2      | Reached skill level 3 in Spellcasting
  1329 | D:2      | Reached XP level 3. HP: 17/21 MP: 3/7
  1333 | D:2      | Learned a level 3 spell: Call Canine Familiar
  1598 | D:2      | Noticed Sigmund
  1612 | D:2      | Killed Sigmund
  1613 | D:2      | Reached skill level 5 in Spellcasting
  1613 | D:2      | Reached XP level 4. HP: 27/27 MP: 7/11
  1613 | D:2      | Reached XP level 5. HP: 31/31 MP: 7/12
  2046 | D:2      | Found a faded altar of an unknown god.
  2058 | D:2      | Noticed Natasha
  2072 | D:2      | Killed Natasha
  2073 | D:2      | Reached XP level 6. HP: 36/36 MP: 8/14
  3408 | D:3      | Found a shadowy altar of Dithmenos.
  3692 | D:3      | Reached skill level 6 in Spellcasting
  4390 | D:3      | Learned a level 3 spell: Summon Guardian Golem
  4496 | D:4      | Reached skill level 1 in Fighting
  4496 | D:4      | Reached XP level 7. HP: 43/43 MP: 11/16
  4529 | D:4      | Found a white marble altar of Elyvilon.
  4661 | D:4      | Killed from afar by an orc priest

Illustrated notes

Levels and vault maps discovered:
D:1:      dpeg_arrival_long_road, layout_loops_ring
D:2:      cheibrodos_fertilizer, layout_basic, chequers_ecumenical_altar_simple,
          uniq_natasha, uniq_sigmund
D:3:      kb_forest_paths, layout_basic, mainiacjoe_overflow_alcove_2
D:4:      layout_gridville, nicolae_elyvilon_temple_path, dk_rats_in_the_wall

Skill      XL: |  1  2  3  4  5  6 |
---------------+-------------------+-----
Spellcasting   | 3 5 6 |  6.1
Fighting       | 1 |  1.1
Dodging        | |  2.5
Stealth        | |  2.7
Summonings     | |  4.5

Action                     |  1- 3 |  4- 6 |  7- 9 || total
---------------------------+-------+-------+-------++-------
  Melee: Unarmed           |     2 |       |       ||     2
         Dagger            |     1 |    12 |       ||    13
         Tentacles         |     1 |     2 |       ||     3
         Constrict         |       |     1 |       ||     1
   Cast: Summon Small Mamm |    32 |    13 |       ||    45
         Call Imp          |    14 |    29 |     2 ||    45
         Call Canine Famil |     2 |    27 |     2 ||    31
   Stab: Distracted        |       |     1 |       ||     1
         Sleeping          |       |     1 |       ||     1
 Armour: Skin              |     8 |     3 |       ||    11
  Dodge: Dodged            |    23 |    25 |     4 ||    52

Table legend: (Time is in decaauts)
 A = Elapsed time spent in this place.
 B = Non-inter-level travel time spent in this place.
 C = Inter-level travel time spent in this place.
 D = Time resting spent in this place.
 E = Time spent auto-exploring this place.
 F = Levels seen in this place.
 G = Mean time per level.
                   A        B        C        D        E       F      G
               +--------+--------+--------+--------+--------+-----+--------+
         Total |   4659 |   4522 |    137 |    394 |   3295 |   4 | 1164.8 |
       Dungeon |   4659 |   4522 |    137 |    394 |   3295 |   4 | 1164.8 |
               +--------+--------+--------+--------+--------+-----+--------+

Top non-repeatable levels by time:
     D:2: 2006 daAuts
     D:3: 1234 daAuts
     D:1: 1159 daAuts
     D:4: 259 daAuts
